 Dungeon Crawl Stone Soup version 0.30-a0-738-g116ff8c4af (webtiles) character file.

Game seed: 17092388224028921672

1495943 MackTheKnife the Worldbinder (level 27, 171/171 HPs)
             Began as a Kobold Wanderer on Feb 3, 2023.
             Was an Initiate of Gozag.
             Escaped with the Orb
             ... and 3 runes!
             The game lasted 02:38:41 (85327 turns).

MackTheKnife the Worldbinder (Kobold Wanderer)     Turns: 85327, Time: 02:38:43

Health: 171/171    AC: 15    Str: 15    XL:     27
Magic:  52/52      EV: 35    Int: 39    God:    Gozag
Gold:   4003       SH: 10    Dex: 22    Spells: 3/69 levels left

rFire   + + +      SeeInvis .    H - +10 morningstar "Eos" {elec, Halo rElec, mace}
rCold   . . .      Faith    .    v - +2 buckler {AC+3}
rNeg    + . .      Spirit   .    Y - +1 robe "Myesyimm" {rPois rCorr Archmagi}
rPois   +          Reflect  .    D - +2 helmet "Bairaf" {rN+ Regen+ Str+5}
rElec   +          Harm     .    i - +1 cloak of Proximity {rF+ Int+5 Dex+3}
rCorr   +          Rampage  .    t - +2 pair of gloves
Will    ++++.      Archmagi +    U - +0 pair of boots of Parlour Games {Int+3}
Stlth   +                        e - amulet "Emnyora" {RegenMP rElec Int+3 Stlth-}
HPRegen 1.28/turn                P - ring "Cotwan" {Fly rF++ Will+ MP+9 EV+5}
MPRegen 0.73/turn                N - +6 ring of intelligence

@: flying, glowing
A: small, no large weapons, nightstalker 3, low MP 1, strong-willed 1
0: Orb of Zot
}: 3/15 runes: decaying, silver, gossamer
a: Renounce Religion, Potion Petition, Call Merchant, Bribe Branch


You escaped.
You worshipped Gozag.
Gozag was most pleased with you.
You visited 10 branches of the dungeon, and saw 48 of its levels.
You visited 2 bazaars.
You also visited: Ossuary, Ice Cave and Wizlab.

You collected 28459 gold pieces.
You spent 7665 gold pieces at shops.
You paid 16791 gold pieces to Gozag.


Innate Abilities, Weirdness & Mutations

You are small and have problems with some larger weapons.
You are completely attuned to the shadows.
Your magical capacity is low. (-10% MP)
You are strong-willed. (Will+)


   Skills:
 + Level 17.1 Fighting
 - Level 2.4 Long Blades
 - Level 13.7 Maces & Flails
 - Level 1.1 Throwing
 - Level 1.5 Armour
 + Level 17.7 Dodging
 - Level 10.0 Stealth
 - Level 12.8 Shields
 - Level 21.8 Spellcasting
 - Level 12.7 Conjurations
 - Level 8.5 Hexes
 - Level 21.9 Summonings
 - Level 8.1 Necromancy
 - Level 7.4 Translocations
 - Level 9.5 Transmutations
 - Level 3.2 Ice Magic
 - Level 3.2 Air Magic
 - Level 11.0 Earth Magic
 - Level 3.5 Evocations


You had 3 spell levels left.
You knew the following spells:

 Your Spells              Type           Power      Damage    Failure   Level
a - Dragon's Call         Summ           72%        N/A       9%          9
b - Spellforged Servitor  Conj/Summ      66%        N/A       1%          7
c - Monstrous Menagerie   Summ           72%        N/A       1%          7
d - Summon Forest         Summ/Tloc      62%        N/A       1%          5
e - Summon Mana Viper     Hex/Summ       100%       N/A       1%          5
f - Irradiate             Conj/Tmut      57%        3d30      1%          5
g - Death Channel         Necr           51%        N/A       3%          6
h - Statue Form           Tmut/Erth      74%        N/A       1%          6
i - Freezing Cloud        Conj/Ice/Air   48%        6-21      1%          5
j - Borgnjor's Vile Clut  Necr/Erth      54%        N/A       1%          5
z - Iron Shot             Conj/Erth      58%        9d11      1%          6

Your spell library contained the following spells:

 Spells                   Type           Power      Damage    Failure   Level
 Kiss of Death            Conj/Necr      100%       2d13      0%          1
 Magic Dart               Conj           100%       1d8       0%          1
 Sandblast                Erth           100%       2d20      0%          1
 Summon Small Mammal      Summ           100%       N/A       0%          1
 Call Imp                 Summ           100%       N/A       0%          2
 Passwall                 Tmut/Erth      92%        N/A       0%          2
 Searing Ray              Conj           100%       2d8       0%          2
 Call Canine Familiar     Summ           100%       N/A       0%          3
 Stone Arrow              Conj/Erth      100%       3d13      0%          3
 Summon Guardian Golem    Hex/Summ       100%       N/A       0%          3
 Foxfire                  Conj/Fire      100%       2x1d9     1%          1
 Shock                    Conj/Air       100%       1d9       1%          1
 Sting                    Tmut/Pois      100%       1d8       1%          1
 Cigotuvi's Dreadful Rot  Necr/Pois/Air  100%       N/A       1%          2
 Ensorcelled Hibernation  Hex/Ice        100%       N/A       1%          2
 Poisonous Vapours        Pois/Air       100%       N/A       1%          2
 Scorch                   Fire           100%       2d10      1%          2
 Sublimation of Blood     Necr           100%       N/A       1%          2
 Confusing Touch          Hex            100%       N/A       1%          3
 Dazzling Flash           Conj/Hex       100%       N/A       1%          3
 Hailstorm                Conj/Ice       100%       3d20      1%          3
 Ignite Poison            Fire/Tmut/Pois 79%        N/A       1%          3
 Inner Flame              Hex/Fire       85%        N/A       1%          3
 Kindle Blastsparks       Fire/Tloc/Air  100%       2d18      1%          3
 Mephitic Cloud           Conj/Pois/Air  90%        N/A       1%          3
 Ozocubu's Armour         Ice            80%        N/A       1%          3
 Portal Projectile        Hex/Tloc       100%       N/A       1%          3
 Swiftness                Air            80%        N/A       1%          3
 Tukima's Dance           Hex            100%       N/A       1%          3
 Vampiric Draining        Necr           100%       2d13      1%          3
 Animate Armour           Summ/Erth      100%       N/A       0%          4
 Summon Cactus Giant      Summ           72%        N/A       0%          6
 Airstrike                Air            40%        2d(6-22)  1%          4
 Anguish                  Hex/Necr       52%        N/A       1%          4
 Cause Fear               Hex            52%        N/A       1%          4
 Dispel Undead            Necr           100%       3d31      1%          4
 Flame Wave               Conj/Fire      95%        2d20      1%          4
 Fulminant Prism          Conj/Hex       56%        3d24      1%          4
 Ice Form                 Ice/Tmut       95%        N/A       1%          4
 Iskenderun's Mystic Bla  Conj/Tloc      100%       2d19      1%          4
 Petrify                  Tmut/Erth      100%       N/A       1%          4
 Sticky Flame             Conj/Fire      95%        2d10      1%          4
 Summon Ice Beast         Ice/Summ       100%       N/A       1%          4
 Summon Lightning Spire   Summ/Air       100%       N/A       1%          4
 Blade Hands              Tmut           54%        N/A       1%          5
 Fireball                 Conj/Fire      47%        3d19      1%          5
 Iskenderun's Battlesphe  Conj           100%       2d15      1%          5
 Lee's Rapid Deconstruct  Erth           57%        3d26*     1%          5
 Lightning Bolt           Conj/Air       51%        1d72      1%          5
 Metabolic Englaciation   Hex/Ice        46%        N/A       1%          5
 Alistair's Intoxication  Tmut/Pois      58%        N/A       2%          5
 Olgreb's Toxic Radiance  Pois           59%        N/A       7%          4
 Starburst                Conj/Fire      47%        6d13      8%          6
 Dragon Form              Tmut           54%        N/A       12%         7
 Eringya's Noxious Bog    Tmut/Pois      44%        N/A       16%         6
 Enfeeble                 Hex            52%        N/A       19%         7
 Lehudib's Crystal Spear  Conj/Erth      58%        10d14     34%         8
 Necromutation            Tmut/Necr      53%        N/A       77%         8
 Discord                  Hex            52%        N/A       82%         8
 Borgnjor's Revivificati  Necr           51%        N/A       86%         8
 Infestation              Necr           51%        N/A       86%         8
 Ignition                 Fire           29%        3d9       100%        8
 Chain Lightning          Conj/Air       51%        3d68      100%        9
 Death's Door             Necr           51%        N/A       100%        9
 Fire Storm               Conj/Fire      47%        8d12      100%        9
 Polar Vortex             Ice            40%        N/A       100%        9
 Shatter                  Erth           57%        3d43*     100%        9
 Animate Dead             Necr           Unusable   N/A       N/A         4
 Simulacrum               Ice/Necr       Unusable   N/A       N/A         6

Inventory:

Hand Weapons
 H - the +10 morningstar "Eos" (weapon) {elec, Halo rElec, mace}
   (You bought it in a shop on level 14 of the Dungeon)

   Halo:      It grants its wielder a halo, revealing invisible creatures and
   increasing accuracy against all within it other than the wielder.
   rElec:     It insulates you from electricity.
Armour
 i - the +1 cloak of Proximity (worn) {rF+ Int+5 Dex+3}
   (You bought it in a shop on level 1 of the Elven Halls)

   Int:       It affects your intelligence (+5).
   Dex:       It affects your dexterity (+3).
   rF:        It protects you from fire.
 t - a +2 pair of gloves (worn)
   (You found it on level 4 of the Dungeon)
 v - a +2 buckler of protection (worn)
   (You took it off a tengu reaver on level 5 of the Vaults)
 D - the +2 helmet "Bairaf" (worn) {rN+ Regen+ Str+5}
   (You found it on level 3 of the Vaults)

   Str:       It affects your strength (+5).
   rN:        It protects you from negative energy.
   Regen:     It increases your rate of health regeneration.
 U - the +0 pair of boots of Parlour Games (worn) {Int+3}
   (You found it on level 4 of the Spider Nest)

   Int:       It affects your intelligence (+3).
 Y - the +1 robe "Myesyimm" (worn) {rPois rCorr Archmagi}
   (You bought it in a shop on level 3 of the Lair of Beasts)

   rPois:     It protects you from poison.
   rCorr:     It protects you from acid and corrosion.
   Archmagi:  It increases the power of your magical spells.
Jewellery
 e - the amulet "Emnyora" (around neck) {RegenMP rElec Int+3 Stlth-}
   (You bought it in a shop on level 2 of the Orcish Mines)

   [amulet of magic regeneration]

   It increases your rate of magic regeneration.
   Int:       It affects your intelligence (+3).
   rElec:     It insulates you from electricity.
   Stlth:     It makes you less stealthy.
 l - a ring of willpower
   (You found it on level 2 of the Dungeon)
 K - a ring of wizardry
   (You found it on level 4 of the Vaults)
 N - a +6 ring of intelligence (right hand)
   (You found it on level 3 of the Lair of Beasts)
 P - the ring "Cotwan" (left hand) {Fly rF++ Will+ MP+9 EV+5}
   (You took it off a deep elf sorcerer on level 3 of the Elven Halls)

   [ring of evasion]

   EV:        It affects your evasion (+5).
   rF:        It greatly protects you from fire.
   MP:        It affects your magic capacity (+9).
   Fly:       It grants you flight.
   Will:      It increases your willpower.
 V - a ring of protection from cold
   (You found it on level 3 of the Lair of Beasts)
Wands
 g - a wand of paralysis (35)
   (You found it on level 6 of the Dungeon)
 n - a wand of flame (80)
   (You found it on level 11 of the Dungeon)
 o - a wand of digging (6)
   (You found it on level 3 of the Spider Nest)
 E - a wand of roots (34)
   (You found it on level 6 of the Dungeon)
 J - a wand of acid (5)
   (You found it on level 2 of the Swamp)
 L - a wand of polymorph (36)
   (You took it off an orc on level 9 of the Dungeon)
Scrolls
 b - a scroll of magic mapping {!r}
 c - 10 scrolls of fear
 h - 25 scrolls of identify {@r1}
 j - 2 scrolls of butterflies
 k - 7 scrolls of enchant armour
 m - 15 scrolls of teleportation {@r4}
 q - 10 scrolls of poison {!r}
 w - 6 scrolls of immolation {!r!r}
 y - 10 scrolls of fog
 B - 14 scrolls of enchant weapon
 M - 3 scrolls of blinking {!r}
 Q - 5 scrolls of brand weapon
Potions
 d - 15 potions of mutation {!q}
 f - 7 potions of haste {@q3}
 p - 10 potions of flight
 r - 21 potions of curing {@q1}
 u - 4 potions of brilliance
 x - 11 potions of attraction {!q}
 z - 13 potions of might
 A - 9 potions of ambrosia
 C - 4 potions of cancellation
 F - 6 potions of resistance
 G - 4 potions of invisibility
 I - 8 potions of lignification {!q}
 R - 2 potions of magic
 T - 10 potions of heal wounds {@q2}
 X - 2 potions of berserk rage {!q}
Miscellaneous
 a - a box of beasts
   (You found it on level 3 of the Vaults)
 s - a piece from Xom's chessboard (15/15)
   (You found it on level 11 of the Dungeon)
 O - a phial of floods
   (You found it on level 11 of the Dungeon)
 S - a phantom mirror
   (You found it on level 2 of the Lair of Beasts)
 Z - a tin of tremorstones (2/2) {throwing}
   (You found it on level 4 of the Lair of Beasts)

Dungeon Overview and Level Annotations

Branches:
Dungeon (15/15)            Temple (0/1) D:5            Lair (5/5) D:9
  Swamp (4/4) Lair:3       Spider (4/4) Lair:3        Slime (1/5) Lair:5
    Orc (2/2) D:9             Elf (3/3) Orc:2        Vaults (5/5) D:14
  Crypt (0/3) Vaults:2     Depths (4/4) D:15            Zot (5/5) Depths:4
Ossuary (visited)           IceCv (visited)          WizLab (visited)

Altars:
Ashenzari
Cheibriados
Elyvilon
Fedhas
Gozag
Kikubaaqudgha
Makhleb
Okawaru
Qazlal
Ru
Trog
Uskayaw
Vehumet
Xom
Yredelemnul
The Shining One
Jiyva

Shops:
D:3 :   D:4 *   D:6 =   D:7 ?   D:10 [   D:14 *   Orc:2 [=[:(   Elf:1 [
Elf:3 =   Lair:3 *   Lair:5 [   Swamp:2 =   Vaults:3 ?:[   Vaults:4 [
Vaults:5 **   Depths:3 !   Depths:4 :==[

Portals:
Hell: Depths:1 Depths:2 Depths:3 Depths:4
Abyss: Depths:2 Depths:3 Depths:4
Pandemonium: Depths:2

Annotations:
D:4 exclusion: black bear
Elf:2 3 runed translucent doors
Depths:4 exclusions: shining eye and 4 more exclusions
Zot:5 exclusion: upstairs

..##.##.....##.##..............#
#..................#...........#
#..##................#########.#
#.#######.####.#####.##.## #.#
#.# #..~♣♣♣♣ ♣♣♣♣~...## #.# #.#
##~~≈≈≈♣♣♣≈≈≈~~##.####.# ..#
#♣≈~~~~~~~~~≈♣......#.#
##########♣♣~~~~~~~~~♣♣........#
#.....)..♣≈~~~~@~~~~≈♣.##.#.###
##.#######♣♣~~~~~~~~~♣♣.#.##.#
...# #♣♣~~~~~~~~~≈♣......# #..#
#~~≈♣♣≈≈♣♣♣♣~~.###### #..#
####.~♣♣♣♣♣♣ ♣~..# #..#
#........# ###.#
#..####.####.### #.#
...............########.###
#..####.####..............#


There were no monsters in sight!


Message History

Your hp is fully restored (171).
The daeva shouts!
There is a stone staircase leading up here.
The two-headed ogre shouts in stereo!
You fly upwards.
There is a stone staircase leading down here.
(D) Dungeon (T) Temple (L) Lair (S) Swamp (N) Spider Nest (M) Slime Pits (O) Orcish Mines (E) Elven Halls (V) Vaults (C) Crypt (U) Depths (H) Hell (Z) Zot
Where to? (Enter - D:1, ? - help)
What level of the Dungeon? (default 1, ? - help)
There is an open door here.
There is an escape hatch in the ceiling here.
You see here a +0 whip {mace}.
A mysterious force pulls you upwards. The hatch slams shut behind you.
There is an entrance to Imackim's Jewellery Emporium here.
There is a stone staircase leading up here.
You fly upwards.
There is a stone staircase leading down here.
There is a stone staircase leading up here.
You fly upwards.
Level annotation: exclusion: black bear
There is a stone staircase leading down here. 2 hellwings and a smoke demon come into view.
Casting: Iron Shot (mildly dangerous; 1% risk of failure)
Confirm with . or Enter, or press ? or * to list all spells.
You feel a surge of power!
You call out to the draconic realm, and the dragon horde roars back!
Unknown command. 😎 MP[-9]
You lost 9 mp, and now have 43/52 mp.
A dragon arrives to answer your call! 😎 MP[-2]
You lost 2 mp, and now have 41/52 mp.
A dragon arrives to answer your call!
Your quicksilver dragon bites the hellwing but does no damage.
Your quicksilver dragon claws the hellwing but does no damage. 😎 MP[-1]
You lost 1 mp, and now have 40/52 mp.
A dragon arrives to answer your call!
Your quicksilver dragon bites the hellwing.
Your quicksilver dragon barely misses the hellwing.
Your storm dragon breathes lightning at the hellwing.
The bolt of lightning hits the hellwing! x2
The bolt of lightning hits your storm dragon.
Your storm dragon completely resists.
Your quicksilver dragon breathes dispelling energy at the hellwing.
The bolt of dispelling energy hits the hellwing!!
The hellwing misses your quicksilver dragon.
The hellwing hits your quicksilver dragon!
Your golden dragon bites the hellwing.
The hellwing dies! 😎 MP[-2]
You lost 2 mp, and now have 38/52 mp. 😎 MP[+1]
A dragon arrives to answer your call!
The smoke demon completely misses your shadow dragon.
The smoke demon closely misses your shadow dragon.
The smoke demon hits your shadow dragon but does no damage.
Your shadow dragon bites the smoke demon.
Your shadow dragon closely misses the smoke demon.
Your shadow dragon barely misses the smoke demon. 😎 MP[-1]
You lost 1 mp, and now have 38/52 mp. 😎 MP[+1] 😎 MP[+1] 😎 MP[+1] 😎 MP[+1] 😎 MP[+1] 😎 MP[+1] 😎 MP[+1] 😎 MP[+1] 😎 MP[+1] 😎 MP[+1] 😎 MP[+1] 😎 MP[+1] 😎 MP[+1]
There is a stone staircase leading up here. 😎 MP[+1]
Your mp is fully restored (52).
You fly upwards.
There is a stone staircase leading down here.
(D) Dungeon (T) Temple (L) Lair (S) Swamp (N) Spider Nest (M) Slime Pits (O) Orcish Mines (E) Elven Halls (V) Vaults (C) Crypt (U) Depths (H) Hell (Z) Zot
Where to? (Enter - D:1, ? - help)
What level of the Dungeon? (default 1, ? - help)
There is a stone staircase leading up here.
You fly upwards.
There is a stone staircase leading down here.
The roar of the dragon horde subsides.
There is a stone staircase leading up here.
You fly upwards.
There is a stone staircase leading down here.
You can once more reach out to the dragon horde.
There is a staircase leading out of the dungeon here.
You see here a +0 scale mail.
You have escaped!

Skill      XL: |  1  2  3  4  5  6  7  8  9 10 11 12 13 14 15 16 17 18 19 20 21 22 23 24 25 26 27 |
---------------+----------------------------------------------------------------------------------+-----
Summonings     | 1 2 4 7 9 11 12 13 15 18 19 21 | 21.9
Conjurations   | 1 2 3 4 5 9 11 12 | 12.7
Earth Magic    | 1 2 3 4 5 7 8 10 11 | 11.0
Spellcasting   | 4 6 8 9 11 12 14 16 18 19 20 21 | 21.8
Translocations | 6 7 |  7.4
Hexes          | 4 8 |  8.5
Fighting       | 5 6 7 11 12 14 15 17 | 17.1
Dodging        | 5 6 8 12 13 14 15 17 | 17.7
Transmutations | 6 8 9 |  9.5
Stealth        | 5 6 9 10 | 10.0
Maces & Flails | 7 8 12 13 | 13.7
Evocations     | 3 |  3.5
Ice Magic      | 3 |  3.2
Air Magic      | 3 |  3.2
Necromancy     | 3 8 |  8.1
Shields        | 6 12 | 12.8
Long Blades    | |  2.4
Throwing       | |  1.1
Armour         | |  1.5

Action                     |  1- 3 |  4- 6 |  7- 9 | 10-12 | 13-15 | 16-18 | 19-21 | 22-24 | 25-27 || total
---------------------------+-------+-------+-------+-------+-------+-------+-------+-------+-------++-------
  Melee: Falchion          |    78 |   178 |       |       |       |       |       |       |       ||   256
         Punch             |       |     2 |     1 |     1 |     2 |       |     7 |     6 |     6 ||    25
         Dagger            |       |       |    57 |   149 |   292 |    13 |       |       |       ||   511
         Quarterstaff      |       |       |       |       |       |   219 |    17 |       |       ||   236
         Morningstar       |       |       |       |       |       |       |   234 |   261 |   143 ||   638
   Cast: Summon Small Mamm |    22 |     4 |       |       |       |       |       |       |       ||    26
         Call Imp          |    11 |    31 |     6 |     2 |       |       |       |       |       ||    50
         Stone Arrow       |       |     2 |   105 |   208 |   134 |   435 |   194 |    37 |       ||  1115
         Summon Forest     |       |       |       |    23 |    21 |    42 |    30 |    20 |     2 ||   138
         Summon Mana Viper |       |       |       |     9 |    50 |    89 |    71 |    27 |       ||   246
         Irradiate         |       |       |       |       |     2 |    17 |    16 |    17 |     7 ||    59
         Iron Shot         |       |       |       |       |       |   121 |   194 |   275 |   191 ||   781
         Monstrous Menager |       |       |       |       |       |     1 |    77 |    79 |     4 ||   161
         Statue Form       |       |       |       |       |       |       |    31 |    44 |    31 ||   106
         Freezing Cloud    |       |       |       |       |       |       |     6 |     9 |       ||    15
         Borgnjor's Vile C |       |       |       |       |       |       |     2 |    17 |    16 ||    35
         Dragon's Call     |       |       |       |       |       |       |       |    15 |    50 ||    65
         Spellforged Servi |       |       |       |       |       |       |       |     7 |    24 ||    31
         Death Channel     |       |       |       |       |       |       |       |       |    11 ||    11
 Invoke: Call Merchant     |       |       |     1 |     1 |     1 |     4 |       |     2 |       ||     9
         Bribe Branch      |       |       |       |       |       |       |       |       |     2 ||     2
         Potion Petition   |       |       |       |       |       |       |       |       |     1 ||     1
  Evoke: Wand              |       |       |     4 |    10 |    12 |    14 |    15 |     3 |     3 ||    61
         Phantom mirror    |       |       |       |       |     2 |     3 |     1 |     1 |       ||     7
         Tin of tremorston |       |       |       |       |     2 |     2 |     1 |     4 |       ||     9
         Phial of floods   |       |       |       |       |     1 |       |       |       |       ||     1
         Box of beasts     |       |       |       |       |       |       |       |     3 |       ||     3
    Use: Scroll            |       |    14 |     4 |     6 |    10 |     4 |     1 |    11 |     2 ||    52
         Potion            |       |     2 |       |       |     1 |     1 |     3 |     1 |     5 ||    13
   Stab: Sleeping          |    10 |     9 |     2 |       |       |       |     2 |       |       ||    23
         Distracted        |       |     1 |     1 |     7 |    13 |     9 |    12 |    15 |    17 ||    75
         Paralysed         |       |       |       |     1 |       |       |     3 |       |       ||     4
         Confused          |       |       |       |       |       |       |       |     1 |       ||     1
 Armour: Robe              |    11 |    54 |     9 |       |       |    85 |    74 |    36 |    25 ||   294
         Leather armour    |       |       |    10 |   151 |   123 |    29 |       |       |       ||   313
         Skin              |       |       |       |       |       |       |   118 |   156 |   129 ||   403
  Dodge: Dodged            |    75 |   161 |    39 |   180 |   353 |   536 |   856 |   766 |   545 ||  3511
  Block: Buckler           |       |       |       |       |       |       |       |       |    72 ||    72

Levels and vault maps discovered:
D:1:      reono_arrival_forest_river, layout_loops_ring, minmay_ruptured
D:2:      layout_basic
D:3:      layout_basic, minitemple, serial_shops, nicolae_shop_stone,
          kennysheep_small_spiral, serial_bayou_lake_a
D:4:      layout_loops_cross, tso_altar, serial_shops, shop_statue,
          enter_ossuary_4
D:5:      layout_loops_cross, minmay_temple_entry_poolview, serial_bayou,
          serial_bayou_shore_a, serial_bayou_lagoon_a, serial_bayou_pond_b,
          serial_bayou_crossing
D:6:      layout_loops_cross, minmay_misc_feat_four_crosses
D:7:      layout_loops_corners, mainiacjoe_overflow_alcove_2,
          mainiacjoe_overflow_catwalk_spiral, serial_shops, shop,
          serial_bayou_pond_d, grunt_ministairs_3, mrwooster_statue_mirror,
          uniq_pikel
D:8:      layout_loops_ring, serial_shops, kennysheep_little_box, st_stairs_10,
          minmay_misc_feat_tiny
D:9:      minmay_bubble_buster, layout_gridville, lair_entry_dummy,
          hiddenorc1_lemuel
D:10:     layout_stronghold, grunt_temple_overflow_champion_of_chaos
D:11:     minmay_cut_squares, layout_rooms
D:12:     layout_basic, uniq_josephine
D:13:     layout_loops_ring, serial_ice, serial_ice_j, serial_ice_c,
          serial_ice_e, serial_ice_d, serial_ice_a, serial_ice_n,
          portal_ice_cave_demonic_guard
D:14:     layout_basic, grunt_vaults_entry_tiered, grunt_decor_cap, uniq_rupert,
          uniq_nessos, uniq_frances
D:15:     grunt_enter_depths_magical_seal, layout_basic, bloody_makhleb,
          uniq_jorgrun
Lair:1:   layout_cave_shapes, serial_bayou_shore_b
Lair:2:   layout_cellular_growth
Lair:3:   layout_cave_shapes, nicolae_swamp_entry_splash_gauntlet,
          nicolae_spider_entry_non_spiders, roderic_batcave
Lair:4:   layout_cave_shapes, serial_bayou_ford_a, dpeg_oklob_1,
          lemuel_fruit_tree
Lair:5:   gammafunk_lair_ancient_temple, layout_gridlike,
          nicolae_slime_entry_slimehenge, hangedman_lair_generics_rect
Swamp:1:  layout_falls_marsh, nicolae_swamp_little_tower,
          infiniplex_staircase_pool_2, uniq_louise, uniq_aizul
Swamp:2:  layout_basic_swamp, evilmike_swamp_ruin_house_1,
          nicolae_swamp_triple_paths, nzn_swamp_stair_ambush, uniq_nikola
Swamp:3:  layout_basic_swamp, evilmike_swamp_ruin_house_5, uniq_roxanne
Swamp:4:  swamp_basic_johnstein, layout_basic_swamp
Spider:1: layout_chambers, guppyfry_spider_mini_2
Spider:2: layout_cave_pods, hangedman_spider_tarantella_strand
Spider:3: nicolae_spider_hilbert_zone_3 [nicolae_spider_hilbert_4_sides_2_open,
          nicolae_spider_hilbert_3_sides_1_open,
          nicolae_spider_hilbert_3_sides_1_open,
          nicolae_spider_hilbert_3_sides_1_open,
          nicolae_spider_hilbert_3_sides_1_open,
          nicolae_spider_hilbert_4_sides_1_open,
          nicolae_spider_hilbert_4_sides_1_open,
          nicolae_spider_hilbert_4_sides_1_open,
          nicolae_spider_hilbert_4_sides_1_open,
          nicolae_spider_hilbert_4_sides_1_open,
          nicolae_spider_hilbert_4_sides_1_open,
          nicolae_spider_hilbert_4_sides_1_open,
          nicolae_spider_hilbert_4_sides_1_open,
          nicolae_spider_hilbert_3_sides_1_open,
          nicolae_spider_hilbert_3_sides_1_open,
          nicolae_spider_hilbert_3_sides_1_open,
          nicolae_spider_hilbert_3_sides_1_open], uniq_arachne, uniq_kirke
Spider:4: hellmonk_spider_rune_endless_swarm
Slime:1:  layout_caves
Orc:1:    layout_diamond_mine, basic_altar, nicolae_orc_lava_tube
Orc:2:    st_orc_elflike, layout_caves, basic_altar, elf_legates
Elf:1:    minmay_elf_arrival_summoners, layout_geoelf_octagon,
          mu_enter_wizlab_5, hangedman_elven_crosses_minicolossus,
          minmay_shop_star
Elf:2:    elven_hall_of_blades_hangedman_original [nicolae_blade_lattice],
          layout_geoelf_octagon, gammafunk_ghost_berserking_beasts,
          uniq_asterion
Elf:3:    grunt_elf_hall_spiral, layout_loops_corners,
          gammafunk_ghost_wrathful_warriors, serial_shops, shop
Vaults:1: vaults_room_glass_cross, v_misc_24, hangedman_vaults_stagger,
          v_alt_pattern_5, v_misc_12, v_rooms_5, v_alt_pattern_2, v_misc_28,
          nicolae_vaults_little_squares_1, nicolae_vaults_asterisk,
          layout_vaults_ring, serial_shops, bzr_firewalk
Vaults:2: ontoclasm_vaults_fault, vaults_room_large_hall,
          nicolae_vaults_border_crossing, ontoclasm_vaults_spin,
          minmay_crypt_entry_nasty_monster, v_alt_pattern_2,
          vaults_room_door_ring, layout_vaults_omnigrid
Vaults:3: nicolae_vaults_network_star, grunt_vaults_trifunnel, vaults_mumra_hex,
          vaults_room_door_ring, v_alt_pattern_2, nicolae_vaults_gold_heap,
          vaults_room_door_ring, special_room_vaults [special_room_orc],
          nicolae_vaults_angled_halls, layout_vaults_chaotic_city, serial_shops,
          nicolae_shop_hallway_stairs, uniq_boris, uniq_bai_suzhen, uniq_sojobo,
          uniq_margery, uniq_jory
Vaults:4: ontoclasm_vaults_bender, v_misc_33, nicolae_vaults_little_squares_1,
          hangedman_vaults_capsules, nicolae_vaults_rhombus_6, v_misc_15,
          vaults_mumra_hexcomb, ontoclasm_vaults_twist, vaults_room_fancy_cross,
          v_alt_pattern_4, v_misc_15, nicolae_vaults_three_branches,
          vaults_room_door_ring, vaults_dpeg_doors, v_alt_pattern_4, v_misc_9,
          layout_vaults_maze_bifur, serial_shops, shop_fountains
Vaults:5: serial_shops
Depths:1: layout_cave_pools, hangedman_coc_ice_floe, serial_rivers,
          chequers_serial_rivers_room_a, chequers_serial_rivers_large_a,
          chequers_serial_rivers_micro_b, chequers_serial_rivers_micro_c,
          chequers_serial_rivers_micro_e, chequers_serial_rivers_small_b,
          nicolae_ashenzari_panopticon, serial_bayou_shore_b
Depths:2: minmay_curly_fans, layout_cave_pools, hellmouth_3,
          rand_demon_pan_entry_7, grunt_decor_one_mirror, abyss_entry
Depths:3: cheibrodos_lost_city_excavation, layout_gridlike,
          hangedman_geh_valley, nicolae_abyss_entry_one_way_or_another,
          nicolae_uskayaw_en_pointe, hangedman_abyss_or_decor_lesser_grid,
          nicolae_inconvenience_store, uniq_parghit
Depths:4: grunt_zot_entry_hairpin, layout_basic, enter_ziggurat_c, hell_entry,
          nicolae_vehumet_altar_sigil, serial_shops, bzr_entry_road, shop,
          minmay_room_of_horrors, minmay_misc_feat_enclosed, minmay_shop_grove
Zot:1:    minmay_elemental_castle, layout_gridlike, uniq_tiamat
Zot:2:    layout_misc_corridors, nicolae_shop_clearance
Zot:3:    layout_cathedral_of_symmetry
Zot:4:    nicolae_zot_stationary_front, layout_onion
Zot:5:    layout_gridlike

Notes
Turn   | Place    | Note
-------+----------+-------------------------------------------
     0 | D:1      | MackTheKnife the Kobold Wanderer began the quest for the
                  | Orb.
     0 | D:1      | MackTheKnife set off with the following items: a +0
                  | falchion {long}, a +0 scale mail, a scroll of fear; and the
                  | following spell memorised: Summon Small Mammal; and the
                  | following spells available to memorise: Call Imp, Stone
                  | Arrow, Swiftness.
     0 | D:1      | Reached XP level 1. HP: 10/10 MP: 4/4
     0 | D:1      | magus.rc [v1.9.6]
     0 | D:1      | magus.rc [v1.9.6]
   233 | D:1      | Reached skill level 1 in Summonings
   233 | D:1      | Reached XP level 2. HP: 14/15 MP: 4/6
   606 | D:1      | Learned a level 2 spell: Call Imp
   779 | D:1      | Reached XP level 3. HP: 19/19 MP: 5/8
   846 | D:1      | Learned a level 3 spell: Stone Arrow
  1016 | D:1      | HP: 4/19 [kobold/+0 short sword (3)]
  1269 | D:2      | Reached skill level 1 in Conjurations
  1333 | D:2      | Reached skill level 1 in Earth Magic
  1508 | D:2      | You pick up a book of the Wilderness and begin reading...
  1508 | D:2      | You add the spells Summon Forest, Summon Mana Viper and
                  | Summon Cactus Giant to your library.
  1613 | D:2      | Reached XP level 4. HP: 24/24 MP: 4/9
  1684 | D:2      | HP: 6/24 [poisoned by an adder]
  2717 | D:3      | Found a white marble altar of Elyvilon.
  2717 | D:3      | Found a basalt altar of Yredelemnul.
  2719 | D:3      | Found a bloodstained altar of Trog.
  2723 | D:3      | Found an opulent altar of Gozag.
  2726 | D:3      | Found an ancient bone altar of Kikubaaqudgha.
  2726 | D:3      | Found a sacrificial altar of Ru.
  2726 | D:3      | Found a blossoming altar of Fedhas.
  2727 | D:3      | Found a radiant altar of Vehumet.
  2733 | D:3      | Became a worshipper of Gozag Ym Sagoz the Greedy
  2758 | D:3      | Reached skill level 2 in Conjurations
  2758 | D:3      | Reached skill level 2 in Earth Magic
  3091 | D:3      | Found Nidutot's Book Boutique.
  3108 | D:3      | Reached XP level 5. HP: 28/28 MP: 7/10
  3461 | D:4      | Found Ehubesy's General Store.
  3500 | D:4      | Noticed a black bear
  3839 | D:4      | Found a sand-covered staircase.
  3845 | Ossuary  | Entered an ossuary
  4024 | Ossuary  | Reached skill level 3 in Conjurations
  4024 | Ossuary  | Reached skill level 3 in Earth Magic
  4024 | Ossuary  | Reached XP level 6. HP: 25/32 MP: 7/11
  4198 | Ossuary  | Gained mutation: Your magical capacity is low. (-10% MP)
                  | [potion of mutation]
  4199 | Ossuary  | Lost mutation: Your magical capacity is low. (-10% MP)
                  | [potion of mutation]
  4199 | Ossuary  | Gained mutation: Your magical capacity is low. (-10% MP)
                  | [potion of mutation]
  4199 | Ossuary  | Gained mutation: You are strong-willed. (Will+) [potion of
                  | mutation]
  4507 | D:4      | Found a glowing golden altar of the Shining One.
  5018 | D:4      | Reached skill level 4 in Conjurations
  5018 | D:4      | Reached skill level 4 in Earth Magic
  5032 | D:4      | Reached XP level 7. HP: 33/36 MP: 6/11
  5147 | D:5      | Entered Level 5 of the Dungeon
  5151 | D:5      | Identified the +2 leather armour of the Mackerel {rElec
                  | Str+3 Slay-5 SInv}
  5907 | D:5      | Reached skill level 5 in Conjurations
  5907 | D:5      | Reached skill level 5 in Earth Magic
  6164 | D:5      | You pick up a book of Scorching and begin reading...
  6164 | D:5      | You add the spells Scorch and Flame Wave to your library.
  6201 | D:5      | Found a staircase to the Ecumenical Temple.
  6492 | D:6      | Reached skill level 4 in Spellcasting
  6492 | D:6      | Reached skill level 2 in Summonings
  6492 | D:6      | Reached XP level 8. HP: 41/41 MP: 2/12
  6703 | D:6      | Identified a scroll of acquirement
  6703 | D:6      | Acquired a +2 hat of willpower
  7077 | D:6      | Reached skill level 3 in Summonings
  7659 | D:6      | Reached skill level 5 in Spellcasting
  7876 | D:6      | Reached skill level 4 in Summonings
  8142 | D:7      | Found Derch's Magic Scroll Shoppe.
  8157 | D:7      | Noticed a wyvern
  8163 | D:7      | Killed a wyvern
  8164 | D:7      | Reached skill level 6 in Spellcasting
  8310 | D:7      | Reached XP level 9. HP: 45/45 MP: 9/16
  8387 | D:7      | Reached skill level 5 in Summonings
  8429 | D:7      | You pick up a book of the Tundra and begin reading...
  8429 | D:7      | You add the spells Hailstorm and Ice Form to your library.
  8935 | D:7      | Noticed Pikel
  9051 | D:7      | Killed Pikel
  9052 | D:7      | Reached skill level 7 in Spellcasting
  9052 | D:7      | Reached skill level 6 in Summonings
  9328 | D:7      | Reached skill level 7 in Summonings
  9382 | D:7      | Reached skill level 8 in Spellcasting
 10052 | D:7      | Found a snail-covered altar of Cheibriados.
 10321 | D:7      | Found an iron altar of Okawaru.
 10328 | D:7      | Found a stormy altar of Qazlal.
 10652 | D:8      | Noticed a two-headed ogre
 10658 | D:7      | Reached XP level 10. HP: 45/50 MP: 13/20
 10748 | D:8      | Identified the +3 leather armour of the Exiled Souls {Str+2
                  | Dex+3 SInv}
 10768 | D:8      | Learned a level 5 spell: Summon Forest
 10889 | D:8      | Reached skill level 1 in Translocations
 11034 | D:8      | Reached skill level 2 in Translocations
 11154 | D:8      | Reached skill level 8 in Summonings
 11429 | D:8      | Reached skill level 3 in Translocations
 11964 | D:8      | Reached skill level 4 in Translocations
 12291 | D:9      | Found a staircase to the Lair.
 13089 | D:9      | Reached skill level 9 in Summonings
 13154 | D:9      | Reached skill level 5 in Translocations
 13400 | D:9      | Found the amulet of Elemental Vulnerability {rPois rF--
                  | rC-- AC+8}
 13869 | D:9      | Reached skill level 6 in Translocations
 13869 | D:9      | Reached XP level 11. HP: 51/54 MP: 1/20
 14206 | D:9      | Found a staircase to the Orcish Mines.
 14239 | D:10     | Entered Level 10 of the Dungeon
 14243 | D:10     | Reached skill level 10 in Summonings
 14499 | D:10     | Reached skill level 7 in Translocations
 15074 | D:10     | Bought a pair of glimmering gloves for 247 gold pieces
 15074 | D:10     | Identified the +0 pair of gloves of the Moon {-Cast Harm
                  | +Inv rElec} (You bought it in a shop on level 10 of the
                  | Dungeon)
 15629 | D:10     | Found a shimmering altar of Xom.
 15647 | D:10     | Found a burning altar of Makhleb.
 15730 | D:10     | Reached skill level 11 in Summonings
 16128 | D:11     | Reached skill level 9 in Spellcasting
 16315 | D:11     | You pick up a book of Blasting and begin reading...
 16315 | D:11     | You add the spells Kindle Blastsparks, Fulminant Prism,
                  | Iskenderun's Mystic Blast and Lee's Rapid Deconstruction to
                  | your library.
 16422 | D:11     | Learned a level 5 spell: Summon Mana Viper
 16424 | D:11     | Noticed a cyclops
 16432 | D:11     | Killed a cyclops
 16433 | D:11     | Reached skill level 1 in Hexes
 16522 | D:11     | Reached skill level 2 in Hexes
 16526 | D:11     | Noticed a two-headed ogre
 16548 | D:11     | Reached skill level 3 in Hexes
 16555 | D:11     | Killed a two-headed ogre
 16556 | D:11     | Reached skill level 4 in Hexes
 16593 | D:11     | Noticed a boulder beetle
 16607 | D:11     | Killed a boulder beetle
 16608 | D:11     | Reached XP level 12. HP: 48/59 MP: 4/22
 16722 | D:11     | Noticed a boulder beetle
 16734 | D:11     | Killed a boulder beetle
 16735 | D:11     | Reached skill level 5 in Hexes
 16769 | D:11     | Reached skill level 6 in Hexes
 16969 | D:11     | Reached skill level 7 in Hexes
 17249 | D:11     | Reached skill level 8 in Hexes
 17583 | D:11     | Reached skill level 1 in Fighting
 17583 | D:11     | Reached skill level 1 in Dodging
 17593 | D:11     | Reached skill level 2 in Dodging
 17596 | D:11     | Reached skill level 2 in Fighting
 17731 | D:11     | You pick up a book of Alchemy and begin reading...
 17731 | D:11     | You add the spells Sublimation of Blood, Petrify and
                  | Irradiate to your library.
 17947 | Lair:1   | Entered Level 1 of the Lair of Beasts
 18119 | Lair:1   | You pick up a book of Flames and begin reading...
 18119 | Lair:1   | You add the spells Inner Flame and Sticky Flame to your
                  | library.
 18335 | Lair:1   | Reached skill level 3 in Dodging
 18417 | Lair:1   | Reached skill level 3 in Fighting
 18683 | Lair:1   | Reached skill level 4 in Dodging
 18775 | Lair:1   | Reached skill level 4 in Fighting
 18887 | Lair:1   | Reached skill level 5 in Dodging
 19195 | Lair:1   | Reached skill level 5 in Fighting
 19198 | Lair:1   | Reached XP level 13. HP: 72/72 MP: 14/23
 19293 | Lair:1   | Reached skill level 6 in Dodging
 19588 | Lair:2   | Reached skill level 6 in Fighting
 19634 | Lair:2   | Learned a level 5 spell: Irradiate
 19859 | Lair:2   | Reached skill level 1 in Transmutations
 20378 | Lair:2   | Reached skill level 2 in Transmutations
 20648 | Lair:2   | You add the spells Sting, Poisonous Vapours and Olgreb's
                  | Toxic Radiance to your library.
 20845 | Lair:2   | Reached skill level 6 in Conjurations
 21071 | Lair:3   | Reached skill level 3 in Transmutations
 21321 | Lair:3   | Reached skill level 4 in Transmutations
 21809 | Lair:3   | Reached skill level 7 in Conjurations
 21886 | Lair:3   | Reached skill level 5 in Transmutations
 22069 | Lair:3   | Found a hole to the Spider Nest.
 22650 | Lair:3   | Found a staircase to the Swamp.
 22794 | Lair:3   | Bought a potion of mutation for 248 gold pieces
 22794 | Lair:3   | Bought an opalescent robe for 176 gold pieces
 22794 | Lair:3   | Identified the +1 robe "Myesyimm" {rPois rCorr Archmagi}
                  | (You bought it in a shop on level 3 of the Lair of Beasts)
 22987 | Lair:4   | Reached skill level 8 in Conjurations
 22990 | Lair:4   | Reached skill level 6 in Transmutations
 23314 | Lair:4   | You pick up a book of Touch and begin reading...
 23314 | Lair:4   | You add the spells Kiss of Death, Confusing Touch and
                  | Dispel Undead to your library.
 23430 | Lair:4   | Noticed a catoblepas
 23432 | Lair:4   | Noticed a seven-headed hydra
 23444 | Lair:4   | Killed a seven-headed hydra
 23445 | Lair:4   | Reached skill level 9 in Conjurations
 23445 | Lair:4   | Reached XP level 14. HP: 78/80 MP: 2/24
 23955 | Lair:4   | Identified the +3 quarterstaff of Xom's Approval {distort,
                  | *Rage rC+++ rN+ Str+3}
 24262 | Lair:5   | Entered Level 5 of the Lair of Beasts
 24292 | Lair:5   | Reached skill level 10 in Conjurations
 24659 | Lair:5   | Reached skill level 11 in Conjurations
 24833 | Lair:5   | Reached skill level 10 in Spellcasting
 25460 | Lair:5   | Reached skill level 11 in Spellcasting
 25955 | Lair:5   | Reached skill level 1 in Stealth
 26025 | Lair:5   | Reached skill level 2 in Stealth
 26239 | Lair:5   | Reached skill level 7 in Dodging
 26249 | Lair:5   | Got Vehumet's Secrets of Blows
 26284 | Lair:5   | Identified a potion of experience
 26285 | Lair:5   | Reached skill level 7 in Fighting
 26285 | Lair:5   | Reached skill level 8 in Dodging
 26285 | Lair:5   | Reached skill level 5 in Stealth
 26285 | Lair:5   | Reached XP level 15. HP: 79/88 MP: 12/27
 26373 | Lair:5   | Reached skill level 6 in Stealth
 26389 | Lair:5   | Reached XP level 16. HP: 91/92 MP: 2/28
 26530 | Lair:5   | Reached skill level 8 in Fighting
 26882 | Lair:5   | Reached skill level 9 in Dodging
 26958 | Lair:5   | Reached skill level 7 in Stealth
 27479 | Lair:5   | Found a staircase to the Slime Pits.
 27495 | Lair:5   | Found a viscous altar of Jiyva.
 27770 | Lair:5   | Bought a pair of smoking gloves for 285 gold pieces
 27770 | Lair:5   | Identified the +1 pair of gloves of Trial and Error {rF-
                  | Str-2 Dex+8} (You bought it in a shop on level 5 of the
                  | Lair of Beasts)
 27871 | Orc:1    | Entered Level 1 of the Orcish Mines
 28950 | Orc:2    | Entered Level 2 of the Orcish Mines
 29041 | Orc:2    | Reached skill level 8 in Stealth
 29297 | Orc:2    | Found a staircase to the Elven Halls.
 29591 | Orc:2    | Reached skill level 9 in Fighting
 29839 | Orc:2    | Reached skill level 10 in Dodging
 30439 | Orc:2    | Reached skill level 9 in Stealth
 30644 | Orc:2    | Found a burning altar of Makhleb.
 30728 | Orc:2    | Identified a +2 robe of the Archmagi
 31616 | Orc:2    | Found Alaqe's Book Boutique.
 31865 | Orc:2    | Found Ewkenoef's Jewellery Emporium.
 31879 | Orc:2    | Found Qimn's Armour Emporium.
 31881 | Orc:2    | Found Liklellu's Armour Boutique.
 31896 | Orc:2    | Bought the amulet "Emnyora" {RegenMP rElec Int+3 Stlth-}
                  | for 537 gold pieces
 31983 | Orc:2    | [b] 804 gold - Irarehae's Antique Weapon Shoppe
 31983 | Orc:2    | Irarehae invites you to visit her Antique Weapon Shoppe.
 32237 | D:12     | Reached skill level 10 in Fighting
 32357 | D:12     | Reached skill level 11 in Dodging
 32398 | D:12     | Identified a +0 robe of the Archmagi
 32398 | D:12     | Noticed Josephine
 32408 | D:12     | Killed Josephine
 33115 | D:13     | Found a frozen archway.
 33178 | IceCv    | Entered an ice cave
 33418 | IceCv    | Reached skill level 11 in Fighting
 33628 | IceCv    | Reached skill level 12 in Dodging
 33966 | IceCv    | Identified a +2 crystal plate armour of cold resistance
 33967 | IceCv    | Could not pick up a +2 crystal plate armour of cold
                  | resistance {rare=g} here; ([A]lways) ignore it?
 33967 | IceCv    | Could not pick up a +2 crystal plate armour of cold
                  | resistance {rare=g} here; ([A]lways) ignore it?
 34130 | D:13     | Identified the -1 cloak of the Blizzard {rPois}
 34203 | D:13     | Reached XP level 17. HP: 104/104 MP: 18/29
 35089 | D:14     | Bought a potion of heal wounds for 150 gold pieces
 35102 | D:14     | Noticed Rupert
 35114 | D:14     | Killed Rupert
 35166 | D:14     | Reached skill level 12 in Fighting
 35166 | D:14     | Reached skill level 13 in Dodging
 35386 | D:14     | You pick up a book of Conjurations {@e2} and begin
                  | reading...
 35386 | D:14     | You add the spells Magic Dart and Searing Ray to your
                  | library.
 35401 | D:14     | Found a gate to the Vaults.
 35511 | D:14     | Noticed Frances
 35794 | D:14     | Noticed Nessos
 35798 | D:14     | Killed Nessos
 36000 | D:14     | Killed Frances
 36379 | D:15     | Entered Level 15 of the Dungeon
 36736 | D:3      | Bought the Parchment of Yeast for 312 gold pieces
 36736 | D:3      | You add the spells Cigotuvi's Dreadful Rot, Passwall and
                  | Iron Shot to your library.
 36743 | D:3      | Learned a level 6 spell: Iron Shot
 37022 | D:15     | You pick up a book of Beasts and begin reading...
 37022 | D:15     | You add the spells Summon Ice Beast and Monstrous Menagerie
                  | to your library.
 37058 | D:15     | Noticed Jorgrun
 37064 | D:15     | Killed Jorgrun
 37373 | D:15     | Reached skill level 12 in Spellcasting
 37416 | D:15     | You pick up a book of the Wilderness and begin reading...
 37875 | D:15     | Reached skill level 6 in Earth Magic
 37940 | D:15     | Found a staircase to the Depths.
 38065 | D:15     | Found a burning altar of Makhleb.
 38598 | D:15     | magus.rc [v1.9.6]
 38856 | Swamp:1  | Entered Level 1 of the Swamp
 38960 | Swamp:1  | Noticed a thorn hunter
 38965 | Swamp:1  | Killed a thorn hunter
 39006 | Swamp:1  | Reached skill level 7 in Earth Magic
 39124 | Swamp:1  | Reached XP level 18. HP: 108/113 MP: 13/31
 39313 | Swamp:1  | Reached skill level 12 in Conjurations
 39563 | Swamp:1  | Noticed Aizul
 39568 | Swamp:1  | Killed Aizul
 39572 | Swamp:1  | Noticed Louise
 39585 | Swamp:1  | Killed Louise
 40020 | Swamp:2  | Reached skill level 13 in Spellcasting
 40318 | Swamp:2  | Reached skill level 8 in Earth Magic
 40516 | Swamp:2  | Noticed Nikola
 40522 | Swamp:2  | Killed Nikola
 41797 | Swamp:3  | Learned a level 7 spell: Monstrous Menagerie
 42082 | Swamp:3  | You pick up a book of Spectacle and begin reading...
 42082 | Swamp:3  | You add the spells Dazzling Flash and Starburst to your
                  | library.
 42388 | Swamp:3  | Noticed Roxanne
 42399 | Swamp:3  | Killed Roxanne
 42403 | Swamp:3  | You pick up a book of Sloth and begin reading...
 42403 | Swamp:3  | You add the spells Metabolic Englaciation and Statue Form
                  | to your library.
 42507 | Swamp:3  | You pick up a book of Spectacle and begin reading...
 42576 | Swamp:3  | You add the spells Ignite Poison and Freezing Cloud to your
                  | library.
 42684 | Swamp:4  | Entered Level 4 of the Swamp
 42905 | Swamp:4  | Reached skill level 14 in Spellcasting
 42905 | Swamp:4  | Reached skill level 12 in Summonings
 42965 | Swamp:4  | You pick up a book of Touch and begin reading...
 43015 | Swamp:4  | You pick up a book of Transfigurations {@e2} and begin
                  | reading...
 43015 | Swamp:4  | You add the spells Blade Hands and Dragon Form to your
                  | library.
 43420 | Swamp:4  | Reached XP level 19. HP: 93/118 MP: 4/33
 43425 | Swamp:4  | Noticed the 27-headed Lernaean hydra
 43426 | Swamp:4  | Got a decaying rune of Zot
 43430 | Swamp:4  | Killed the 27-headed Lernaean hydra
 43488 | Swamp:4  | HP: 28/118 [tyrant leech (20)]
 43646 | Swamp:4  | Reached skill level 13 in Summonings
 44198 | Spider:1 | Entered Level 1 of the Spider Nest
 44312 | Spider:1 | Reached skill level 15 in Spellcasting
 44362 | Spider:1 | You pick up a book of Vapours and begin reading...
 44464 | Spider:1 | You pick up a book of Transfigurations {@e2} and begin
                  | reading...
 44636 | Spider:1 | You pick up a book of Ice and begin reading...
 45284 | Spider:1 | HP: 29/118 [poisoned by a redback]
 46923 | Spider:2 | Reached skill level 16 in Spellcasting
 47796 | D:14     | Bought the +10 morningstar "Eos" {elec, Halo rElec} for
                  | 2220 gold pieces
 47796 | D:14     | Found the +10 morningstar "Eos" {elec, Halo rElec}
 48012 | Slime:1  | Entered Level 1 of the Pits of Slime
 48245 | Spider:3 | Reached skill level 1 in Maces & Flails
 48409 | Spider:3 | Reached skill level 2 in Maces & Flails
 48743 | Spider:3 | Reached skill level 3 in Maces & Flails
 49031 | Spider:3 | Reached skill level 4 in Maces & Flails
 49098 | Spider:3 | Noticed Arachne
 49104 | Spider:3 | Killed Arachne
 49324 | Spider:3 | Reached skill level 5 in Maces & Flails
 49859 | Spider:3 | Reached skill level 6 in Maces & Flails
 49998 | Spider:3 | Noticed Kirke
 50004 | Spider:3 | Killed Kirke
 50254 | Spider:4 | Entered Level 4 of the Spider Nest
 50262 | Spider:4 | Reached skill level 7 in Maces & Flails
 50262 | Spider:4 | Reached XP level 20. HP: 124/124 MP: 10/36
 50746 | Spider:4 | Reached skill level 8 in Maces & Flails
 50962 | Spider:4 | Identified the +1 great sword "Xiedin" {vamp, Str+5}
 51162 | Spider:4 | Reached skill level 14 in Dodging
 51215 | Spider:4 | Reached skill level 13 in Fighting
 51841 | Spider:4 | Reached skill level 14 in Fighting
 51874 | Spider:4 | Reached skill level 10 in Stealth
 51907 | Spider:4 | Reached skill level 1 in Evocations
 51932 | Spider:4 | Reached skill level 2 in Evocations
 51947 | Spider:4 | Reached skill level 3 in Evocations
 52108 | Spider:4 | Identified the +0 pair of boots of Parlour Games {Int+3}
 52114 | Spider:4 | Got a gossamer rune of Zot
 52141 | Spider:4 | Learned a level 6 spell: Statue Form
 52670 | Vaults:1 | Entered Level 1 of the Vaults
 52822 | Vaults:1 | Reached skill level 9 in Earth Magic
 52861 | Vaults:1 | Found a flickering gateway to a bazaar.
 52869 | Bazaar   | Entered a bazaar
 52920 | Bazaar   | Found Balliv's Book Shop.
 52953 | Bazaar   | Found Jynwuz's Book Shop.
 53001 | Bazaar   | Bought a book of the Dragon for 552 gold pieces
 53001 | Bazaar   | You pick up a book of the Dragon and begin reading...
 53001 | Bazaar   | You add the spells Cause Fear and Dragon's Call to your
                  | library.
 53055 | Vaults:1 | Reached skill level 7 in Transmutations
 53503 | Vaults:1 | Reached skill level 8 in Transmutations
 53782 | Vaults:1 | Reached skill level 10 in Earth Magic
 54595 | Vaults:1 | Reached XP level 21. HP: 132/132 MP: 26/37
 54684 | Vaults:1 | You pick up a book of Beasts and begin reading...
 54736 | Vaults:1 | Reached skill level 9 in Transmutations
 55222 | Vaults:1 | Reached skill level 11 in Earth Magic
 55327 | Vaults:1 | magus.rc [v1.9.6]
 55950 | Vaults:2 | Learned a level 5 spell: Freezing Cloud
 56063 | Vaults:2 | Noticed a bone dragon
 56074 | Vaults:2 | Killed a bone dragon
 56075 | Vaults:2 | Reached skill level 1 in Ice Magic
 56075 | Vaults:2 | Reached skill level 1 in Air Magic
 56141 | Vaults:2 | Found a staircase to the Crypt.
 56180 | Vaults:2 | You fall into a shaft and drop 2 floors!
 56263 | Vaults:4 | Reached skill level 2 in Ice Magic
 56264 | Vaults:4 | Reached skill level 2 in Air Magic
 56472 | Vaults:4 | Reached skill level 3 in Ice Magic
 56472 | Vaults:4 | Reached skill level 3 in Air Magic
 56779 | Vaults:4 | Reached skill level 14 in Summonings
 57565 | Vaults:4 | Found Tefoc's Antique Armour Boutique.
 57822 | Vaults:4 | Reached skill level 15 in Summonings
 58583 | Vaults:3 | Found Anask's Armour Shop.
 58694 | Vaults:2 | You add the spells Alistair's Intoxication, Borgnjor's Vile
                  | Clutch and Eringya's Noxious Bog to your library.
 58701 | Vaults:2 | Learned a level 5 spell: Borgnjor's Vile Clutch
 58965 | Vaults:2 | Reached XP level 22. HP: 137/137 MP: 13/38
 59346 | Vaults:2 | Reached skill level 16 in Summonings
 60413 | Vaults:3 | Noticed Jory
 60421 | Vaults:3 | Killed Jory
 60426 | Vaults:3 | Noticed Margery
 60489 | Vaults:3 | Noticed Bai Suzhen
 60497 | Vaults:3 | Killed Bai Suzhen
 60498 | Vaults:3 | Reached skill level 17 in Summonings
 61193 | Vaults:3 | Reached skill level 18 in Summonings
 61239 | Vaults:3 | Noticed Boris
 61244 | Vaults:3 | Killed Boris
 61396 | Vaults:3 | Bought a manual of Maces & Flails for 1120 gold pieces
 61706 | Vaults:3 | Reached skill level 9 in Maces & Flails
 61925 | Vaults:3 | Noticed Sojobo
 61930 | Vaults:3 | Killed Sojobo
 61943 | Vaults:3 | Reached skill level 10 in Maces & Flails
 62628 | Vaults:3 | You pick up a book of the Tundra and begin reading...
 62816 | Vaults:3 | Reached skill level 11 in Maces & Flails
 62916 | Vaults:3 | Identified the +2 helmet "Bairaf" {rN+ Regen+ Str+5}
 63493 | Vaults:3 | Reached skill level 12 in Maces & Flails
 63496 | Vaults:3 | Killed Margery
 63497 | Vaults:3 | Reached XP level 23. HP: 142/142 MP: 8/39
 63870 | Depths:1 | Entered Level 1 of the Depths
 64079 | D:15     | Reached skill level 13 in Maces & Flails
 64491 | Depths:1 | Found a broken altar of Ashenzari.
 64724 | Depths:1 | Found a gateway to Hell.
 65065 | Depths:1 | You fall into a shaft and drop 1 floor!
 66035 | Lair:5   | Learned a level 9 spell: Dragon's Call
 66520 | Depths:2 | You pick up a book of Minor Magic and begin reading...
 66705 | Depths:2 | Reached skill level 17 in Spellcasting
 67360 | Depths:2 | Reached skill level 19 in Summonings
 67978 | Depths:2 | Found a one-way gate leading to the halls of Pandemonium.
 68156 | Depths:2 | Found a one-way gate to the infinite horrors of the Abyss.
 68671 | Depths:3 | Found a hide-covered altar of Uskayaw.
 68818 | Depths:3 | Identified +9 gold dragon scales
 68818 | Depths:3 | Noticed Parghit
 68827 | Depths:3 | Killed Parghit
 68828 | Depths:3 | Reached skill level 18 in Spellcasting
 68841 | Depths:3 | 5 large rocks {=fthrowing}; +9 gold dragon scales {rare}
 68844 | Depths:3 | Identified the +1 ring mail "Cunen" {Harm *Slow rF+ Stlth+}
 68930 | Depths:3 | Reached XP level 24. HP: 109/148 MP: 8/40
 69779 | Depths:3 | Reached skill level 20 in Summonings
 70205 | Depths:3 | Found Xonu Rasm's Distillery.
 70241 | Depths:3 | Bought a potion of heal wounds for 105 gold pieces
 70241 | Depths:3 | Bought a potion of heal wounds for 105 gold pieces
 70441 | Depths:4 | Entered Level 4 of the Depths
 70463 | Depths:4 | Found a flickering gateway to a bazaar.
 70468 | Bazaar   | Entered a bazaar
 70491 | Bazaar   | Found Toson's Book Boutique.
 70496 | Bazaar   | Found Xoutotom's Book Boutique.
 70498 | Bazaar   | Found Ceytakudotz's Book Boutique.
 70504 | Bazaar   | Found Elliodic's General Store.
 70529 | Bazaar   | Bought a book of Power for 504 gold pieces
 70529 | Bazaar   | You pick up a book of Power and begin reading...
 70529 | Bazaar   | You add the spells Iskenderun's Battlesphere and
                  | Spellforged Servitor to your library.
 70538 | Bazaar   | Learned a level 7 spell: Spellforged Servitor
 70735 | Depths:4 | Found a radiant altar of Vehumet.
 70739 | Depths:4 | You pick up a book of Burglary and begin reading...
 70783 | Depths:4 | Noticed Boris
 70926 | Depths:4 | Found Ocvyhaul's Armour Emporium.
 71073 | Depths:4 | Found Reocson's Jewellery Shop.
 71073 | Depths:4 | Found Gymmer's Jewellery Shop.
 71074 | Depths:4 | Found Daonoin's Book Shoppe.
 71397 | Depths:4 | Killed Boris
 71398 | Depths:4 | Reached skill level 19 in Spellcasting
 72020 | Depths:4 | Found a gate to the Realm of Zot.
 72218 | Depths:4 | Bought a +6 ring of intelligence for 540 gold pieces
 72564 | Elf:1    | Entered Level 1 of the Elven Halls
 72739 | Elf:1    | Found Uhaz Agaup's Armour Emporium.
 72744 | Elf:1    | Bought the +1 cloak of Proximity {rF+ Int+5 Dex+3} for 564
                  | gold pieces
 72846 | Elf:1    | Found a magical portal.
 72852 | WizLab   | Entered Borgnjor's Mausoleum
 72937 | WizLab   | Reached skill level 21 in Summonings
 73198 | WizLab   | Reached XP level 25. HP: 152/152 MP: 31/42
 73342 | WizLab   | Reached skill level 20 in Spellcasting
 73670 | WizLab   | You pick up a book of Winter and begin reading...
 73673 | WizLab   | You add the spells Vampiric Draining, Borgnjor's
                  | Revivification and Infestation to your library.
 73673 | WizLab   | Got the Commentary on Shades
 74370 | Elf:1    | You pick up a book of Armaments and begin reading...
 74370 | Elf:1    | You add the spells Animate Armour and Lehudib's Crystal
                  | Spear to your library.
 74439 | Elf:1    | You pick up a book of Maledictions and begin reading...
 74439 | Elf:1    | You add the spells Anguish and Enfeeble to your library.
 74969 | Elf:2    | Found a runed translucent gate.
 75039 | Elf:2    | You pick up a book of Vapours and begin reading...
 75268 | Elf:2    | Found a runed translucent gate.
 75271 | Elf:2    | Found a runed translucent gate.
 75308 | Elf:2    | Noticed Asterion
 75315 | Elf:2    | Killed Asterion
 75484 | Elf:2    | Found a transporter.
 75486 | Elf:2    | Noticed Anon1729's ghost (adept MiMo)
 75530 | Elf:2    | Killed Anon1729's ghost
 75568 | Elf:2    | Identified the ring "Biluen" {rF+ rN+}
 75598 | Elf:2    | Found a transporter.
 75925 | Elf:3    | Entered Level 3 of the Elven Halls
 75927 | Elf:3    | magus.rc [v1.9.6]
 76134 | Elf:3    | You pick up a book of Storms and begin reading...
 76134 | Elf:3    | You add the spells Airstrike, Summon Lightning Spire and
                  | Lightning Bolt to your library.
 76203 | Elf:3    | Identified the +1 leather armour of Pragmatism {Dex+2}
 76320 | Elf:3    | Identified the ring "Cotwan" {Fly rF++ Will+ MP+9 EV+5}
 76330 | Elf:3    | You pick up a book of Air and begin reading...
 76333 | Elf:3    | Identified the +3 kite shield of Toumol {Rampage}
 76341 | Elf:3    | You add the spells Tukima's Dance and Portal Projectile to
                  | your library.
 76341 | Elf:3    | Got the Volume of Flesh and Malediction
 76345 | Elf:3    | Got the Encyclopedia of Wyrd
 76349 | Elf:3    | Identified the +7 chain mail "Vadeot" {Contam Harm Rampage
                  | Dex-3}
 76369 | Elf:3    | Got the Atlas of the Mesa
 76409 | Elf:3    | You pick up a book of Storms and begin reading...
 76611 | Elf:3    | You pick up a book of Unlife and begin reading...
 76818 | Elf:3    | Found Moochag's Jewellery Shop.
 76886 | Elf:3    | Noticed derval's ghost (adept BaSu)
 76912 | Elf:3    | a deep elf master archer comes into view. It is wearing the
                  | +4 robe of Folly {Brill Will-∞ Int+8}.
 76913 | Elf:3    | Identified the +5 chain mail "Vononkod" {-Tele rElec Int+5
                  | Stlth+}
 76917 | Elf:3    | Aim: a deep elf master archer, wielding a +0 longbow and
                  | wearing the +4 robe of Folly {Brill Will-∞ Int+8} (severely
                  | wounded, ally target, haloed, 72% to hit)
 76917 | Elf:3    | Aim: a deep elf master archer, wielding a +0 longbow and
                  | wearing the +4 robe of Folly {Brill Will-∞ Int+8} (severely
                  | wounded, ally target, haloed, 72% to hit)
 76936 | Elf:3    | Reached skill level 15 in Dodging
 76965 | Elf:3    | a +1 double sword of freezing {longrare=g}; a +0 robe of
                  | fire resistance
 76971 | Elf:3    | a +1 double sword of freezing {longrare=g}; a +0 robe of
                  | fire resistance
 76971 | Elf:3    | a +1 double sword of freezing {longrare=g}; a +0 robe of
                  | fire resistance
 76971 | Elf:3    | Could not pick up a +1 double sword of freezing
                  | {longrare=g} here; ([A]lways) ignore it?
 76971 | Elf:3    | Could not pick up a +1 double sword of freezing
                  | {longrare=g} here; ([A]lways) ignore it?
 76971 | Elf:3    | Could not pick up a +1 double sword of freezing
                  | {longrare=g} here; ([A]lways) ignore it?
 77195 | Elf:3    | You pick up a book of Alchemy and begin reading...
 77286 | Elf:3    | Found a transporter.
 77298 | Elf:3    | Found a transporter.
 77520 | Elf:3    | a +1 double sword of freezing {longrare}; a +0 robe of fire
                  | resistance
 77568 | Elf:3    | Found a bloodstained altar of Trog.
 77575 | Elf:3    | Killed derval's ghost
 77576 | Elf:3    | Reached skill level 15 in Fighting
 78035 | Vaults:5 | Entered Level 5 of the Vaults
 78040 | Vaults:5 | Reached skill level 1 in Necromancy
 78041 | Vaults:5 | Reached skill level 2 in Necromancy
 78047 | Vaults:4 | Reached skill level 3 in Necromancy
 78123 | Vaults:4 | Reached XP level 26. HP: 160/160 MP: 43/43
 78226 | Vaults:4 | Reached skill level 4 in Necromancy
 78345 | Vaults:5 | Reached skill level 21 in Spellcasting
 78350 | Vaults:5 | Reached skill level 5 in Necromancy
 78529 | Vaults:5 | Reached skill level 6 in Necromancy
 78703 | Vaults:5 | Identified the ring "Giucrado" {rPois Str+6 Dex+5}
 78707 | Vaults:5 | Got the Book of the Wendigo and Death
 78710 | Vaults:5 | Identified the +7 flail of Division {freeze, rElec rC+
                  | Will++ Str-5}
 78716 | Vaults:5 | You pick up a book of Hexes and begin reading...
 78718 | Vaults:5 | You pick up a book of Callings and begin reading...
 78718 | Vaults:5 | You add the spells Call Canine Familiar and Summon Guardian
                  | Golem to your library.
 78742 | Vaults:5 | Identified the +7 flail of Qarytuol {freeze, *Corrode rC+
                  | rN+}
 78752 | Vaults:5 | Reached skill level 7 in Necromancy
 78785 | Vaults:5 | You pick up a book of Beasts and begin reading...
 78855 | Vaults:5 | Identified the ring "Kyni Huo" {rC+ Will++ MP+9 Str+3}
 79092 | Vaults:5 | Found Tegur's Assorted Antiques.
 79354 | Vaults:5 | Got a silver rune of Zot
 79381 | Vaults:5 | Learned a level 4 spell: Olgreb's Toxic Radiance
 79413 | Vaults:5 | HP: 26/160 [frost giant/+0 battleaxe of freezing (24)]
 79416 | Vaults:5 | Reached skill level 8 in Necromancy
 79770 | Depths:1 | Learned a level 6 spell: Death Channel
 80440 | Vaults:5 | Reached skill level 1 in Shields
 80571 | Vaults:5 | Found Zihy's General Store.
 80610 | Vaults:5 | Noticed a dread lich
 80614 | Vaults:5 | Killed a dread lich
 80615 | Vaults:5 | Reached skill level 2 in Shields
 80618 | Vaults:5 | Reached skill level 3 in Shields
 81455 | Zot:1    | Entered Level 1 of the Realm of Zot
 81621 | Zot:1    | Reached skill level 4 in Shields
 81989 | Zot:1    | Noticed an orb of fire
 81990 | Zot:1    | Reached skill level 5 in Shields
 81994 | Zot:1    | Killed an orb of fire
 82125 | Zot:1    | You pick up a book of Annihilations and begin reading...
 82125 | Zot:1    | You add the spells Chain Lightning and Shatter to your
                  | library.
 82156 | Zot:1    | You pick up a book of Maledictions and begin reading...
 82158 | Zot:1    | You pick up a book of the Dragon and begin reading...
 82180 | Zot:1    | Reached skill level 6 in Shields
 82202 | Zot:1    | Noticed an orb of fire
 82207 | Zot:1    | Killed an orb of fire
 82272 | Zot:1    | You pick up a book of Fire and begin reading...
 82434 | Zot:1    | Reached XP level 27. HP: 165/165 MP: 36/43
 82504 | Zot:1    | You pick up a book of Maledictions and begin reading...
 82567 | Zot:1    | Reached skill level 7 in Shields
 82568 | Zot:1    | Found the +4 dragonskin cloak
 82568 | Zot:1    | Tiamat, Avatar of the Dragonlord comes into view. She is
                  | wielding a +0 glaive of flaming and wearing the +4
                  | dragonskin cloak.
 82568 | Zot:1    | Noticed Tiamat
 82570 | Zot:1    | Aim: Tiamat, wielding a +0 glaive of flaming and wearing
                  | the +4 dragonskin cloak (lightly wounded, catching her
                  | breath, lightly drained, ally target, 100% to hit)
 82581 | Zot:1    | Aim: Tiamat, wielding a +0 glaive of flaming and wearing
                  | the +4 dragonskin cloak (poison gas, severely wounded, not
                  | watching you, catching her breath, covered in acid, lightly
                  | drained, ally target, haloed, 100% to hit)
 82581 | Zot:1    | Aim: Tiamat, wielding a +0 glaive of flaming and wearing
                  | the +4 dragonskin cloak (poison gas, severely wounded, not
                  | watching you, catching her breath, covered in acid, lightly
                  | drained, ally target, haloed, 100% to hit)
 82582 | Zot:1    | Aim: Tiamat, wielding a +0 glaive of flaming and wearing
                  | the +4 dragonskin cloak (almost dead, not watching you,
                  | covered in acid, constricted by zombie hands, lightly
                  | drained, ally target, haloed, 100% to hit)
 82582 | Zot:1    | Aim: Tiamat, wielding a +0 glaive of flaming and wearing
                  | the +4 dragonskin cloak (almost dead, not watching you,
                  | covered in acid, constricted by zombie hands, lightly
                  | drained, ally target, haloed, 100% to hit)
 82583 | Zot:1    | Aim: Tiamat, wielding a +0 glaive of flaming and wearing
                  | the +4 dragonskin cloak (almost dead, not watching you,
                  | covered in acid, constricted by zombie hands, lightly
                  | drained, ally target, haloed, 100% to hit)
 82583 | Zot:1    | Aim: Tiamat, wielding a +0 glaive of flaming and wearing
                  | the +4 dragonskin cloak (almost dead, not watching you,
                  | covered in acid, constricted by zombie hands, lightly
                  | drained, ally target, haloed, 100% to hit)
 82583 | Zot:1    | Killed Tiamat
 82592 | Zot:1    | Reached skill level 8 in Shields
 83021 | Zot:2    | Noticed an orb of fire
 83026 | Zot:2    | Reached skill level 9 in Shields
 83030 | Zot:2    | Killed an orb of fire
 83034 | Zot:2    | Noticed an electric golem
 83039 | Zot:2    | Killed an electric golem
 83218 | Zot:2    | Reached skill level 10 in Shields
 83424 | Zot:3    | Reached skill level 11 in Shields
 83637 | Zot:2    | Reached skill level 12 in Shields
 83755 | Zot:4    | Noticed a Killer Klown
 83764 | Zot:4    | Killed a Killer Klown
 83864 | Zot:5    | Entered Level 5 of the Realm of Zot
 83916 | Zot:4    | Noticed an electric golem
 84099 | Zot:5    | Noticed a Killer Klown
 84106 | Zot:5    | Killed a Killer Klown
 84165 | Zot:5    | Noticed a dread lich
 84168 | Zot:5    | Killed a dread lich
 84573 | Zot:5    | magus.rc [v1.9.6]
 84580 | Zot:5    | Killed a Killer Klown
 84581 | Zot:5    | Reached skill level 16 in Dodging
 84602 | Zot:5    | Noticed an orb of fire
 84605 | Zot:5    | Noticed a Killer Klown
 84605 | Zot:5    | Noticed an orb of fire
 84606 | Zot:5    | Killed a Killer Klown
 84607 | Zot:5    | Noticed an orb of fire
 84611 | Zot:5    | Noticed an ancient lich
 84611 | Zot:5    | Noticed an electric golem
 84612 | Zot:5    | Noticed a Killer Klown
 84614 | Zot:5    | Killed a Killer Klown
 84615 | Zot:5    | Killed an ancient lich
 84615 | Zot:5    | Killed an electric golem
 84616 | Zot:5    | Reached skill level 16 in Fighting
 84616 | Zot:5    | Killed an orb of fire
 84618 | Zot:5    | Noticed a curse toe
 84622 | Zot:5    | Killed a curse toe
 84630 | Zot:5    | Noticed a Killer Klown
 84632 | Zot:5    | Killed a Killer Klown
 84640 | Zot:5    | Reached skill level 17 in Dodging
 84649 | Zot:5    | Killed a Killer Klown
 84652 | Zot:5    | Killed a Killer Klown
 84698 | Zot:5    | Noticed an orb of fire
 84711 | Zot:5    | Reached skill level 17 in Fighting
 84715 | Zot:5    | Noticed a dread lich
 84720 | Zot:5    | Got the Orb of Zot
 84726 | Zot:5    | Killed a dread lich
 84743 | Zot:5    | Killed an electric golem
 85181 | D:8      | Identified +2 pearl dragon scales
 85181 | D:8      | Noticed a seraph
 85327 | D:$      | Escaped with the Orb!

Vanquished Creatures
  2 dread liches
  Tiamat (Zot:1)
  Margery (Vaults:3)
  2 Killer Klowns
  Nikola (Swamp:2)
  A bone dragon (Depths:4)
  The ghost of derval the Worldbinder, an adept BaSu of Gozag (Elf:3)
  Jorgrun (D:15)
  Rupert (D:14)
  5 tentacled monstrosities
  3 liches
  5 Orb Guardians
  A walking frostbound tome (Depths:2)
  A deep elf blademaster (Elf:3)
  A deep elf master archer (Elf:3)
  A titan (Vaults:5)
  An Executioner (D:14)
  2 quicksilver dragons
  A sphinx (Depths:2)
  3 death cobs
  A thorn hunter (Swamp:1)
  2 storm dragons
  4 tengu reavers
  Roxanne (Swamp:3)
  7 fire giants
  2 shadow dragons
  A draconian monk (Zot:1)
  A revenant (WizLab)
  2 draconian knights
  A fenstrider witch (Swamp:4)
  A draconian scorcher (Zot:2)
  4 frost giants
  An emperor scorpion (Spider:1)
  9 vault wardens
  A deep elf sorcerer (Elf:3)
  2 draconian stormcallers
  A balrug (Zot:1)
  2 ghost moths
  A spectral caustic shrike (WizLab)
  A draconian shifter (Zot:1)
  3 broodmothers
  16 very ugly things
  11 ironbound preservers
  3 war gargoyles
  An orc warlord (Vaults:3)
  A reaper (IceCv)
  A spriggan defender (Depths:2)
  4 stone giants
  A deep elf demonologist (Elf:3)
  2 vampire knights
  7 ironbound thunderhulks
  2 green draconians
  3 red draconians
  2 deep elf annihilators (Elf:3)
  2 black draconians
  3 halazid warlocks (WizLab)
  3 bunyips
  A purple draconian (Zot:1)
  2 white draconians (Zot:5)
  5 spark wasps
  A crystal guardian (Vaults:2)
  3 ettins
  A blizzard demon (Depths:1)
  3 jiangshi (WizLab)
  3 fire dragons
  4 entropy weavers
  6 yaktaur captains
  16 vault guards
  3 rakshasas
  2 great orbs of eyes
  2 ice dragons
  2 ogre magi
  3 peacekeepers
  3 spriggan air magi
  20 hydras
  A catoblepas (Lair:4)
  5 ironbound frosthearts
  9 alligators
  2 ghost crabs
  An anaconda (shapeshifter) (Elf:2)
  A radroach (Spider:4)
  A jorogumo (Spider:4)
  2 centaur warriors
  A death yak (Lair:5)
  A deep troll shaman (Depths:4)
  A merfolk avatar (Lair:5)
  2 hell hogs (Depths:2)
  5 boulder beetles
  A tengu warrior (Depths:2)
  6 deep troll earth magi
  6 two-headed ogres
  A vampire mage (Depths:1)
  16 dancing weapons
  2 orc high priests (Orc:2)
  4 sun demons
  A titan zombie (WizLab)
  A spriggan berserker (D:15)
  A shock serpent (shapeshifter) (Depths:1)
  2 deep elf knights
  3 soul eaters
  7 spriggans
  2 salamander mystics (Depths:2)
  5 pharaoh ants
  4 iron trolls
  6 hell knights
  A sun moth (Spider:1)
  4 goliath frogs
  5 swamp dragons
  2 flayed ghosts (WizLab)
  2 spriggan druids
  4 orb spiders
  A shadow demon (Depths:2)
  6 bog bodies
  41 deep trolls
  12 ironbound convokers
  Pikel (D:7)
  A lindwurm (shapeshifter) (Depths:3)
  10 lindwurms
  13 deep elf zephyrmancers
  5 necromancers
  A glowing orange brain (Depths:1)
  A steelbarb worm (Spider:4)
  2 deep elf archers (Elf:2)
  3 phantasmal warriors
  7 orc knights
  7 wizards
  6 wolf spiders
  12 deep elf pyromancers
  21 ugly things
  2 oklob plants (Lair:4)
  3 orc sorcerers (Orc:2)
  5 cyclopes
  3 manticores
  5 salamanders
  2 will-o-the-wisps
  A naga mage (D:15)
  6 elephants (Lair:5)
  12 moths of wrath
  A human skeleton (Vaults:2)
  2 ice statues (IceCv)
  3 black mambas
  26 slime creatures
  2 centaur skeletons (D:15)
  2 demonic crawlers
  5 smoke demons (Depths:2)
  A gargoyle (D:13)
  13 vault sentinels
  3 torpor snails
  3 cane toads
  A rime drake (Lair:2)
  9 ice devils
  2 komodo dragons
  2 unseen horrors
  An efreet (D:13)
  34 yaktaurs
  3 tengu conjurers
  3 polar bears
  3 trolls
  A spectral harpy (WizLab)
  6 meliai
  2 bloated husks (Swamp:3)
  A red devil (Depths:2)
  A wind drake (Lair:5)
  7 blink frogs
  7 tarantellas
  7 tyrant leeches
  6 hornets
  A wind drake (shapeshifter) (Elf:2)
  A hornet (shapeshifter) (Elf:2)
  2 nameless horrors
  A spriggan zombie (WizLab)
  9 culicivoras
  4 flying skulls (WizLab)
  14 jumping spiders
  6 small abominations (Depths:4)
  13 water elementals
  24 yaks
  2 basilisks
  4 wraiths
  4 wyverns
  A hog (shapeshifter) (D:14)
  A hog (Spider:3)
  3 fire elementals
  5 humans (D:14)
  2 chaos spawn
  A death yak simulacrum (IceCv)
  2 steam dragons
  24 redbacks
  4 vampire mosquitoes
  2 harpy simulacra (IceCv)
  3 large abominations (Depths:4)
  11 swamp worms
  2 wargs
  2 acid dragons
  11 water moccasins
  6 swamp drakes (Swamp:4)
  2 ice beasts (D:13)
  20 orc warriors
  A sky beast (D:6)
  9 ogres
  9 centaurs
  2 lemures (D:7)
  7 wolves
  4 kobold brigands
  A phantom (D:7)
  2 human zombies (Vaults:2)
  12 bullfrogs
  4 earth elementals
  A two-headed ogre simulacrum (IceCv)
  2 necrophages
  2 scorpions
  19 wights
  12 killer bees
  5 elephant simulacra (IceCv)
  2 howler monkeys (D:6)
  4 electric eels
  2 vampire bats (Lair:3)
  A crimson imp (D:10)
  A centaur zombie (Ossuary)
  A lava snake (Orc:1)
  2 hounds
  4 jellies
  18 orc priests
  An iguana (D:6)
  17 orc wizards
  2 boggart skeletons (D:15)
  4 spriggan simulacra (IceCv)
  A polar bear simulacrum (IceCv)
  4 troll simulacra (IceCv)
  A wolf simulacrum (IceCv)
  3 mummies (Ossuary)
  10 gnolls
  4 naga simulacra (IceCv)
  4 adders
  A shadow imp (D:5)
  3 white imps
  3 ufetubi
  4 dart slugs
  41 orcs
  2 endoplasms
  6 giant cockroaches
  5 goblins
  A hobgoblin (D:1)
  A quokka (D:3)
  5 ball pythons
  8 bats
  5 frilled lizards
  2 gnoll zombies (Ossuary)
  2 hobgoblin zombies (Ossuary)
  17 kobolds
  An orc zombie (Ossuary)
  A quokka zombie (D:4)
  5 rats
  A rat zombie (D:4)
  A bush (Lair:4)
1169 creatures vanquished.

Vanquished Creatures (collateral kills)
  An ancient lich (Zot:5)
  4 orbs of fire
  Sojobo (Vaults:3)
  Boris (twice) (Vaults:3 Depths:4)
  5 Killer Klowns (Zot:5)
  Parghit (Depths:3)
  the Lernaean hydra (Swamp:4)
  Bai Suzhen (Vaults:3)
  A curse toe (Zot:5)
  A bone dragon (Vaults:2)
  Jory (Vaults:3)
  6 golden dragons
  Arachne (Spider:3)
  2 electric golems
  9 tentacled monstrosities
  15 Orb Guardians (Zot:5)
  2 liches
  4 deep elf blademasters (Elf:3)
  2 quicksilver dragons
  2 titans (Vaults:5)
  Asterion (Elf:2)
  A deep elf master archer (Elf:3)
  8 death cobs
  2 sphinxes (Depths:3)
  Frances (D:14)
  Kirke (Spider:3)
  3 ancient champions (WizLab)
  The ghost of Anon1729 the Stickfighter, an adept MiMo of Okawaru (Elf:2)
  4 tengu reavers (Vaults:5)
  10 storm dragons
  A draconian monk (Zot:2)
  3 shadow dragons
  6 fire giants
  5 draconian knights
  10 vault wardens
  Louise (Swamp:1)
  3 emperor scorpions
  2 deep elf sorcerers
  Aizul (Swamp:1)
  3 draconian scorchers
  A draconian stormcaller (Zot:5)
  2 ghost moths
  4 frost giants
  2 deep elf elementalists
  A caustic shrike zombie (WizLab)
  3 broodmothers (Spider:4)
  A balrug (Zot:1)
  5 draconian annihilators
  2 orc warlords (Orc:2)
  6 stone giants
  8 ironbound preservers
  A spriggan defender (Depths:3)
  4 ironbound thunderhulks
  9 very ugly things
  3 war gargoyles (Vaults:2)
  5 black draconians
  8 green draconians
  Nessos (D:14)
  4 deep elf demonologists (Elf:3)
  5 dire elephants
  A spectral titan (WizLab)
  An eleionoma (Swamp:1)
  3 bunyips
  3 white draconians
  2 halazid warlocks (WizLab)
  2 spark wasps
  10 purple draconians
  8 red draconians
  11 yellow draconians
  6 deep elf death magi
  2 ettins
  2 eidola (WizLab)
  Josephine (D:12)
  A blizzard demon (Depths:4)
  8 fire dragons
  4 yaktaur captains
  4 jiangshi (WizLab)
  3 deep elf high priests
  3 entropy weavers
  A great orb of eyes (Vaults:2)
  3 ice dragons
  An ice dragon (shapeshifter) (Elf:2)
  A rakshasa (Depths:3)
  3 spriggan air magi
  An ogre mage (Vaults:5)
  14 vault guards
  5 hydras
  3 jorogumos (Spider:3)
  A radroach (Spider:1)
  An anaconda (Lair:5)
  2 ironbound frosthearts
  2 dancing weapons (Elf:1)
  2 deep troll shamans
  3 boulder beetles
  A catoblepas (Lair:5)
  A two-headed ogre (D:11)
  A spriggan berserker (Depths:2)
  A centaur warrior (D:12)
  5 alligators
  A tengu warrior (D:13)
  2 death yaks (Lair:5)
  2 orc high priests (Orc:2)
  14 hell knights
  5 deep troll earth magi
  A titan zombie (WizLab)
  A vampire mage (WizLab)
  A large abomination (Depths:4)
  A soul eater (Depths:4)
  6 deep elf knights
  2 spectral spark wasps (WizLab)
  7 iron trolls
  A pharaoh ant (Spider:4)
  3 shadow wraiths
  3 skeletal warriors (D:15)
  A goliath frog (Swamp:2)
  30 deep trolls
  2 spark wasp zombies (WizLab)
  2 glowing orange brains
  2 bog bodies
  A spriggan druid (Swamp:2)
  2 orb spiders (Spider:4)
  A spectral wolf spider (WizLab)
  5 wizards
  A harpy (Lair:5)
  4 ironbound convokers (Vaults:5)
  2 lindwurms
  A swamp dragon (Swamp:4)
  2 wolf spider zombies (WizLab)
  4 phantasmal warriors
  12 deep elf pyromancers
  4 deep elf archers
  5 steelbarb worms
  2 flayed ghosts
  11 deep elf zephyrmancers
  3 necromancers
  6 orc knights
  3 orc sorcerers
  3 manticores
  4 nameless horrors
  12 wolf spiders
  A will-o-the-wisp (Swamp:4)
  A salamander (Depths:2)
  28 ugly things
  16 moths of wrath
  An elephant (shapeshifter) (Vaults:5)
  5 elephants (Lair:5)
  4 black mambas
  A smoke demon (Depths:2)
  A guardian serpent (shapeshifter) (Vaults:5)
  A naga mage (D:15)
  5 demonic crawlers
  9 cane toads
  5 vault sentinels
  A gargoyle (D:13)
  4 rime drakes
  4 torpor snails
  22 yaktaurs
  4 komodo dragons
  A tengu conjurer (D:13)
  A spectral harpy (WizLab)
  A meliai (Spider:4)
  3 trolls
  A red devil (Zot:5)
  A polar bear (Lair:5)
  2 tyrant leeches
  A hellwing (D:4)
  A meliai (shapeshifter) (Elf:2)
  5 hornets
  A wind drake (Lair:5)
  A snapping turtle (Lair:5)
  9 tarantellas
  2 small abominations (Depths:4)
  A wind drake (shapeshifter) (Elf:2)
  16 blink frogs
  A dream sheep (shapeshifter) (Elf:2)
  2 centaur simulacra (D:13)
  A slime creature (shapeshifter) (Vaults:5)
  An air elemental (Elf:3)
  12 jumping spiders
  13 slime creatures
  6 flying skulls (WizLab)
  5 spriggans
  A basilisk (Lair:5)
  12 culicivoras
  4 wyverns
  A hog (shapeshifter) (Elf:2)
  15 humans (D:14)
  53 yaks
  2 yaks (shapeshifter)
  A chaos spawn (Depths:4)
  3 wraiths (D:12)
  4 fire elementals
  2 hogs (Spider:3)
  3 vampire mosquitoes (D:11)
  26 redbacks
  2 water elementals (Depths:4)
  A steam dragon (Lair:5)
  2 water moccasins
  A water moccasin (shapeshifter) (Elf:2)
  24 orc warriors
  17 wolves
  2 ogres (Orc:2)
  A lemure (D:7)
  A gnoll sergeant (Orc:2)
  6 bullfrogs
  4 scorpions
  A necrophage (D:4)
  3 earth elementals
  2 electric eels (Lair:5)
  4 jellies (Lair:5)
  6 orc priests
  7 orc wizards
  A mummy (Ossuary)
  3 adders
  A shadow imp (D:5)
  A white imp (D:13)
  3 worms
  15 orcs
  3 bats
  An endoplasm (D:4)
  2 giant cockroaches (Lair:3)
  5 kobolds
  A quokka (D:1)
  2 ball pythons
  A frilled lizard (D:1)
  A gnoll zombie (Ossuary)
  An orc zombie (Ossuary)
  A rat (D:1)
960 creatures vanquished.

Vanquished Creatures (others)
  A dread lich (Zot:5)
  A Killer Klown (Zot:5)
  2 golden dragons (Vaults:5)
  2 tentacled monstrosities (Zot:5)
  An electric golem (Zot:5)
  4 Orb Guardians (Zot:5)
  A black draconian (Zot:2)
  A purple draconian (Zot:5)
  A deep elf high priest (Elf:3)
  An ironbound convoker (Vaults:1)
  3 moths of wrath
  2 komodo dragons (Lair:5)
  A freezing wraith (Vaults:5)
  2 jumping spiders
  A water elemental (Depths:3)
  A yak (Lair:5)
  An orc wizard (Orc:2)
  2 foxfires (Swamp:4)
  32 fungi
  80 plants
  29 snaplasher vines
169 creatures vanquished.

Grand Total: 2298 creatures vanquished

Table legend:
 A = Non-vault XP
 B = Vault XP
 C = Vault XP percentage of total XP
 D = Non-vault monster count
 E = Vault monster count
 F = Vault count percentage of total count
                 A         B        C        D         E       F
            +---------+---------+-------+---------+---------+-------
      Total |  670511 |  572358 |  46.1 |    1324 |     811 |  38.0
            +---------+---------+-------+---------+---------+-------
        D:1 |      34 |       2 |   5.6 |      23 |       2 |   8.0
        D:2 |      60 |       0 |   0.0 |      16 |       0 |   0.0
        D:3 |      53 |       0 |   0.0 |      12 |       0 |   0.0
        D:4 |     279 |       2 |   0.7 |      20 |       2 |   9.1
        D:5 |     335 |      43 |  11.4 |      11 |       1 |   8.3
        D:6 |     814 |       0 |   0.0 |      16 |       0 |   0.0
        D:7 |    1120 |    1116 |  49.9 |      29 |       4 |  12.1
        D:8 |    1448 |       6 |   0.4 |      19 |       2 |   9.5
        D:9 |    1979 |     993 |  33.4 |      17 |      27 |  61.4
       D:10 |    3509 |      48 |   1.3 |      23 |       1 |   4.2
       D:11 |    6908 |    3477 |  33.5 |      29 |       6 |  17.1
       D:12 |    5495 |    1949 |  26.2 |      12 |       6 |  33.3
       D:13 |    5476 |    1748 |  24.2 |      14 |      11 |  44.0
       D:14 |    9244 |   10700 |  53.7 |      20 |      28 |  58.3
       D:15 |   20259 |    5600 |  21.7 |      34 |      10 |  22.7
     Lair:1 |    6295 |       0 |   0.0 |      26 |       0 |   0.0
     Lair:2 |    3885 |       0 |   0.0 |      23 |       0 |   0.0
     Lair:3 |    5944 |    2356 |  28.4 |      33 |      19 |  36.5
     Lair:4 |    7353 |    1092 |  12.9 |      28 |       2 |   6.7
     Lair:5 |   20156 |   11752 |  36.8 |      63 |      33 |  34.4
    Swamp:1 |   15763 |    3315 |  17.4 |      24 |       3 |  11.1
    Swamp:2 |   16632 |    5479 |  24.8 |      33 |       5 |  13.2
    Swamp:3 |    5502 |    1382 |  20.1 |      10 |       1 |   9.1
    Swamp:4 |   10401 |   22025 |  67.9 |      17 |      30 |  63.8
   Spider:1 |   14694 |    1350 |   8.4 |      36 |       7 |  16.3
   Spider:2 |    9179 |     255 |   2.7 |      16 |       1 |   5.9
   Spider:3 |   12081 |   17615 |  59.3 |      32 |      24 |  42.9
   Spider:4 |   16325 |   17632 |  51.9 |      48 |      35 |  42.2
      Orc:1 |    2589 |       0 |   0.0 |      34 |       0 |   0.0
      Orc:2 |    2999 |   15082 |  83.4 |      35 |      43 |  55.1
      Elf:1 |    9908 |   13950 |  58.5 |      16 |      22 |  57.9
      Elf:2 |   13139 |   11672 |  47.0 |      23 |      19 |  45.2
      Elf:3 |   12231 |   29049 |  70.4 |      24 |      24 |  50.0
   Vaults:1 |   36096 |   23705 |  39.6 |      63 |      34 |  35.1
   Vaults:2 |   21342 |   21002 |  49.6 |      37 |      22 |  37.3
   Vaults:3 |   29643 |   54695 |  64.9 |      43 |      75 |  63.6
   Vaults:4 |   40478 |   19116 |  32.1 |      60 |      23 |  27.7
   Vaults:5 |   15464 |   83422 |  84.4 |      24 |      71 |  74.7
   Depths:1 |   28921 |    3279 |  10.2 |      38 |       4 |   9.5
   Depths:2 |   33698 |   13478 |  28.6 |      42 |      20 |  32.3
   Depths:3 |   37180 |    9650 |  20.6 |      45 |       9 |  16.7
   Depths:4 |   28666 |   20103 |  41.2 |      35 |      29 |  45.3
      Zot:1 |   32772 |   30183 |  47.9 |      21 |      24 |  53.3
      Zot:2 |   54784 |       0 |   0.0 |      43 |       0 |   0.0
      Zot:3 |   22210 |       0 |   0.0 |      22 |       0 |   0.0
      Zot:4 |   13656 |       0 |   0.0 |       8 |       0 |   0.0
      Zot:5 |   33512 |   66364 |  66.4 |      27 |      31 |  53.4
    Ossuary |       0 |     126 | 100.0 |       0 |      12 | 100.0
      IceCv |       0 |    5258 | 100.0 |       0 |      32 | 100.0
     WizLab |       0 |   42287 | 100.0 |       0 |      57 | 100.0
            +---------+---------+-------+---------+---------+-------

Illustrated notes

Table legend:
 A = Kills in this place as a percentage of kills in entire the game.
 B = Kills by you in this place as a percentage of kills by you in the entire game.
 C = Kills by friends in this place as a percentage of kills by friends in the entire game.
 D = Other kills in this place as a percentage of other kills in the entire game.
 E = Experience gained in this place as a percentage of experience gained in the entire game.
 F = Experience gained in this place divided by the number of levels of this place that you have seen.
                   A       B       C       D       E      F
               +-------+-------+-------+-------+-------+----------------------
         Total | 100.0 | 100.0 | 100.0 | 100.0 | 100.0 | 23555.5
       Dungeon |  18.6 |  24.1 |  11.9 |  13.0 |   6.9 | 5751.9
          Lair |  10.6 |   8.4 |  13.2 |  13.0 |   4.7 | 11766.6
         Swamp |   5.7 |   7.7 |   3.2 |   8.7 |   6.4 | 20124.8
   Spider Nest |   9.3 |   7.7 |  11.0 |  17.4 |   7.1 | 22282.8
  Orcish Mines |   5.2 |   5.7 |   4.6 |   8.7 |   1.7 | 10335.0
   Elven Halls |   6.0 |   4.7 |   7.5 |   4.3 |   7.2 | 29983.0
        Vaults |  21.1 |  20.5 |  21.9 |  17.4 |  27.6 | 68992.6
        Depths |  10.5 |  11.8 |   9.1 |   0.0 |  14.2 | 44168.0
           Zot |   8.3 |   4.1 |  13.1 |  17.4 |  20.3 | 50755.4
       Ossuary |   0.6 |   0.8 |   0.3 |   0.0 |   0.0 | 126.0
      Ice Cave |   1.5 |   2.7 |   0.0 |   0.0 |   0.4 | 5258.0
        Wizlab |   2.7 |   1.6 |   4.0 |   0.0 |   3.4 | 42287.0
               +-------+-------+-------+-------+-------+----------------------

Table legend: (Time is in decaauts)
 A = Elapsed time spent in this place.
 B = Non-inter-level travel time spent in this place.
 C = Inter-level travel time spent in this place.
 D = Time resting spent in this place.
 E = Time spent auto-exploring this place.
 F = Levels seen in this place.
 G = Mean time per level.
                   A        B        C        D        E       F      G
               +--------+--------+--------+--------+--------+-----+--------+
         Total |  89341 |  82945 |   6396 |  17863 |  51848 |  53 | 1685.7 |
       Dungeon |  25946 |  22588 |   3358 |   3715 |  15937 |  15 | 1729.7 |
          Lair |  10721 |  10018 |    703 |   2155 |   6409 |   5 | 2144.2 |
         Swamp |   5655 |   5477 |    178 |   1216 |   3599 |   4 | 1413.8 |
   Spider Nest |   7898 |   7701 |    197 |   1749 |   4965 |   4 | 1974.5 |
    Slime Pits |      1 |      1 |      0 |      0 |      0 |   1 |    1.0 |
  Orcish Mines |   4318 |   4103 |    215 |   1452 |   2121 |   2 | 2159.0 |
   Elven Halls |   4409 |   4123 |    286 |    232 |   3166 |   3 | 1469.7 |
        Vaults |  15608 |  14755 |    853 |   4071 |   8069 |   5 | 3121.6 |
        Depths |   8193 |   7659 |    534 |   1870 |   4407 |   4 | 2048.2 |
           Zot |   3786 |   3719 |     67 |    567 |   2063 |   5 |  757.2 |
        Bazaar |    278 |    278 |      0 |     31 |    162 |   2 |  139.0 |
       Ossuary |    593 |    593 |      0 |    215 |    176 |   1 |  593.0 |
      Ice Cave |    914 |    914 |      0 |    411 |    266 |   1 |  914.0 |
        Wizlab |   1015 |   1015 |      0 |    174 |    506 |   1 | 1015.0 |
               +--------+--------+--------+--------+--------+-----+--------+

Top non-repeatable levels by time:
Vaults:3: 3824 daAuts
  Lair:5: 3754 daAuts
Vaults:1: 3511 daAuts
Vaults:4: 3487 daAuts
    D:15: 2839 daAuts
Vaults:2: 2683 daAuts
Depths:1: 2528 daAuts
     D:9: 2520 daAuts
     D:7: 2481 daAuts
   Orc:2: 2471 daAuts
Spider:1: 2289 daAuts
Spider:4: 2231 daAuts
    D:10: 2157 daAuts
Spider:3: 2149 daAuts
Depths:3: 2108 daAuts
